 Dungeon Crawl Stone Soup version 0.21-a0-414-gba8bdf1 (webtiles) character file.

99 sagitran the Chucker (level 4, -3/45 HPs)
             Began as an Ogre Hunter on Nov 2, 2017.
             Slain by Grinder (5 damage)
             ... on level 3 of the Dungeon.
             The game lasted 00:13:42 (4197 turns).

sagitran the Chucker (Ogre Hunter)                  Turns: 4197, Time: 00:13:43

Health: -3/45      AC:  3    Str: 15 (16) XL:     4   Next: 72%
Magic:  4/4        EV: 10    Int:  9 (12) God:
Gold:   109        SH:  0    Dex:  8 (10) Spells: 3/3 levels left

rFire    . . .     SeeInvis +   k - +0 club
rCold    . . .     Gourm    .   (no shield)
rNeg     . . .     Faith    .   m - +0 robe (curse)
rPois    .         Spirit   .   (helmet restricted)
rElec    .         Reflect  .   (no cloak)
rCorr    .         Harm     .   (gloves unavailable)
MR       .....                  (boots unavailable)
Stlth    +.........             (no amulet)
HPRegen  0.15/turn              o - ring of see invisible
MPRegen  0.09/turn              (no ring)

@: no status effects
A: unfitting armour, tough skin 1
a: no special abilities


You were on level 3 of the Dungeon.
You were not hungry.

You visited 1 branch of the dungeon, and saw 3 of its levels.

You collected 109 gold pieces.

Inventory:

Hand Weapons
 a - a +0 short sword
 k - a +0 club (weapon)
Armour
 b - a +0 robe
 m - a cursed +0 robe (worn)
Jewellery
 f - a cursed -3 ring of dexterity {unknown}
 o - a ring of see invisible (left hand)
 p - an uncursed amulet of guardian spirit {unknown}
 r - a cursed ring of teleportation {unknown}
 w - a +2 amulet of reflection {unknown}
Scrolls
 e - 4 scrolls of remove curse {unknown}
 g - 2 scrolls of identify {unknown}
 i - a scroll of noise {unknown}
 l - a scroll of blinking {unknown}
 v - a scroll of enchant armour {unknown}
 x - a scroll of random uselessness {unknown}
Potions
 h - a potion of degeneration
 j - a potion of cancellation {unknown}
 n - 2 potions of magic {unknown}
 q - a potion of might {unknown}
Comestibles
 s - a bread ration
 t - a royal jelly
 u - a chunk of flesh


   Skills:
 + Level 3.3 Fighting
 + Level 1.6 Maces & Flails
 + Level 4.5 Throwing
 + Level 2.6 Dodging
 + Level 0.8 Stealth
 + Level 0.7 Unarmed Combat


You had 3 spell levels left.
You didn't know any spells.

Dungeon Overview and Level Annotations

Branches:
Dungeon (3/15)

Altars:
Dithmenos
Nemelex Xobeh
Okawaru

Annotations:
D:3 Grinder


Innate Abilities, Weirdness & Mutations

You are too large for most types of armour.
You have tough skin. (AC +1)


Message History

Aim: Grinder (moderately wounded)
You throw a throwing net.
The throwing net closely misses Grinder.
Grinder hits you.
* * * LOW HITPOINT WARNING * * *
c - a large rock Grinder closely misses you.
Throwing (i - inventory):
c - a large rock (quivered)
Press: ? - help, Shift-Dir - straight line, f/p - Grinder
Aim: Grinder (moderately wounded)
You throw a large rock. The large rock hits Grinder.
Grinder is heavily wounded.
Grinder misses you.
It was a potion of degeneration.
There was something very wrong with that liquid.
You feel weakened.
You feel dopey.
You feel clumsy. Grinder hits you!
* * * LOW HITPOINT WARNING * * *
You writhe in agony.
You die...

....#................
###.#.#.####.###.>#..
#.#.#......# ..# .
#.#.#..##.... ..# ..
#)#.#..##.### #.###.
. #......##.# #.((.
.. #.........#
#..##.#
##.....########5[(..#
##.#....)....@..#
#.##.########..#
#.##.###### .....#
#..............#.#
####...........#.#
#########.### # #. ##


You could see Grinder.

Vanquished Creatures
  3 adders (D:2)
  An ooze (D:1)
  2 worms (D:2)
  A dart slug (D:1)
  4 leopard geckos
  An orc (D:3)
  A ball python (D:3)
  9 bats
  3 giant cockroaches
  5 hobgoblins
  2 quokkas
  3 frilled lizards
  6 goblins
  7 kobolds
  8 rats
56 creatures vanquished.

Notes
Turn   | Place    | Note
-------+----------+-------------------------------------------
     0 | D:1      | sagitran the Ogre Hunter began the quest for the Orb.
     0 | D:1      | Reached XP level 1. HP: 22/22 MP: 1/1
   644 | D:1      | Reached XP level 2. HP: 14/29 MP: 2/2
  1454 | D:1      | Reached XP level 3. HP: 23/36 MP: 3/3
  2166 | D:2      | Found a shadowy altar of Dithmenos.
  2313 | D:2      | Reached skill level 1 in Maces & Flails
  2610 | D:2      | Reached XP level 4. HP: 34/45 MP: 4/4
  2838 | D:2      | Found an iron altar of Okawaru.
  3572 | D:3      | Found a sparkling altar of Nemelex Xobeh.
  4171 | D:3      | Noticed Grinder
  4197 | D:3      | HP: 2/45 [Grinder (9)]
  4197 | D:3      | Slain by Grinder

Vault maps used:
D:1:      kennysheep_arrival_seaside, hangedman_decor_riveting
D:2:      nicolae_dithmenos_through_a_glass_darkly, okawaru_ov_weapons_minmay
D:3:      zin_scriptorium, nicolae_overflow_crystal_walls, first_bread,
          nemelex_diamond_rough_becter, uniq_grinder, uniq_robin

Skill      XL: |  1  2  3 |
---------------+----------+-----
Dodging        | 2 |  2.6
Fighting       | 3 |  3.3
Maces & Flails | 1 |  1.6
Throwing       | |  4.5
Stealth        | |  0.8
Unarmed Combat | |  0.7

Action                   |  1- 3 |  4- 6 || total
-------------------------+-------+-------++-------
Melee: Unarmed           |    38 |       ||    38
       Club              |   144 |    99 ||   243
Throw: Large rock        |     9 |     8 ||    17
       Throwing net      |       |     2 ||     2
  Use: Potion            |       |     1 ||     1
  Eat: Chunk             |     3 |       ||     3
       Bread ration      |     1 |       ||     1
       Meat ration       |       |     1 ||     1
Armor: Robe              |    90 |    36 ||   126
Dodge: Dodged            |   145 |    63 ||   208

Table legend:
 A = Spawn XP
 B = Non-spawn XP
 C = Spawn XP percentage of total XP
 D = Spawn monster count
 E = Non-spawn monster count
 F = Spawn count percentage of total count
 G = Total turns spent on level
                    A         B        C        D         E        F      G
               +---------+---------+-------+---------+---------+-------+---------
         Total |       0 |     142 |   0.0 |       0 |      56 |   0.0 |  4197
               +---------+---------+-------+---------+---------+-------+---------
           D:1 |       0 |      38 |   0.0 |       0 |      19 |   0.0 |  1794
           D:2 |       0 |      79 |   0.0 |       0 |      23 |   0.0 |  1533
           D:3 |       0 |      25 |   0.0 |       0 |      14 |   0.0 |   870
               +---------+---------+-------+---------+---------+-------+---------
